 Seeded DCSS version 0.29.0-13-gc9e81de378 (webtiles) character file.

Game seed: 3875183420463564524 (custom seed)

1777 bwicke the Carver (level 9, 0/72 HPs)
             Began as a Tengu Gladiator on Sept 8, 2022.
             Slain by a phantom (7 damage)
             ... on level 6 of the Dungeon.
             The game lasted 00:11:19 (4833 turns).

bwicke the Carver (Tengu Gladiator)                 Turns: 4833, Time: 00:11:20

Health: 0/72       AC:  5    Str: 18    XL:     9   Next: 8%
Magic:  10/10      EV: 16    Int: 11    God:
Gold:   271        SH: 12    Dex: 24    Spells: 8/8 levels left

rFire   . . .      SeeInvis .   F - +9 scimitar of Punishment {speed, rCorr}
rCold   . . .      Faith    .   H - +2 buckler
rNeg    . . .      Spirit   .   b - +0 leather armour
rPois   .          Reflect  +   c - +0 hat
rElec   .          Harm     .   E - +0 cloak
rCorr   +          Rampage  .   G - +0 pair of gloves
Will    .....                   (boots unavailable)
Stlth   ..........              I - amulet of reflection
HPRegen 0.22/turn               l - +6 ring of strength
MPRegen 0.12/turn               o - +6 ring of dexterity

@: berserking (expiring), flying quickly and evasively, very quick
A: beak, talons 3, nimble flight, weak 1, wild magic 1, evolution 1
a: no special abilities


You were on level 6 of the Dungeon.
You visited 1 branch of the dungeon, and saw 6 of its levels.

You collected 271 gold pieces.

Inventory:

Hand Weapons
 a - a +0 long sword
 B - the +10 mace "Bolueq" {freeze, rElec Stlth+}
   (You found it on level 4 of the Dungeon)

   It freezes those it strikes, dealing additional cold damage.
   It can also slow down cold-blooded creatures.
   rElec:     It insulates you from electricity.
   Stlth:     It makes you more stealthy.
 F - the +9 scimitar of Punishment (weapon) {speed, rCorr}
   (You found it on level 4 of the Dungeon)

   Attacks with this weapon are significantly faster.
   rCorr:     It protects you from acid and corrosion.
 J - a +0 sling
 N - a +2 vampiric dagger
Missiles
 d - 4 throwing nets (quivered)
 e - a javelin
 g - 8 poisoned darts
 r - 2 atropa-tipped darts
Armour
 b - a +0 leather armour (worn)
 c - a +0 hat (worn)
 i - a +0 kite shield
 E - a +0 cloak (worn)
 G - a +0 pair of gloves (worn)
 H - a +2 buckler (worn)
 M - the +5 tower shield of Getoti {rElec rF+ Dex+3}
   (You found it on level 5 of the Dungeon)

   Dex:       It affects your dexterity (+3).
   rF:        It protects you from fire.
   rElec:     It insulates you from electricity.
Magical Staves
 A - a staff of air
Jewellery
 l - a +6 ring of strength (left hand)
 o - a +6 ring of dexterity (right hand)
 v - an amulet of the acrobat
 w - a ring of protection from fire
 C - a +6 ring of strength
 I - an amulet of reflection (around neck)
 S - a +6 ring of dexterity
Wands
 x - a wand of roots (4)
 P - a wand of polymorph (13)
Scrolls
 h - a scroll of noise {unknown}
 k - 5 scrolls of identify
 m - a scroll of magic mapping {unknown}
 n - 4 scrolls of blinking {unknown}
 q - a scroll of torment {unknown}
 s - a scroll of vulnerability {unknown}
 y - a scroll of immolation {unknown}
 D - a scroll of teleportation {unknown}
 L - a scroll of amnesia {unknown}
Potions
 f - a potion of cancellation {unknown}
 j - a potion of berserk rage
 p - a potion of invisibility {unknown}
 t - a potion of might {unknown}
 u - 2 potions of curing {unknown}
 z - a potion of brilliance {unknown}
 K - a potion of heal wounds {unknown}
 O - a potion of flight
 Q - a potion of degeneration {unknown}
 R - a potion of mutation


   Skills:
 - Level 2.0 Fighting
 + Level 12.8 Long Blades
 - Level 2.0 Throwing
 - Level 3.2 Dodging


You had 8 spell levels left.
You didn't know any spells.
Your spell library contained the following spells:

 Spells                   Type           Power      Damage    Failure   Level
 Sting                    Tmut/Pois      0%         1d3       61%         1
 Poisonous Vapours        Pois/Air       0%         N/A       73%         2
 Call Canine Familiar     Summ           0%         N/A       91%         3
 Portal Projectile        Hex/Tloc       0%         N/A       91%         3
 Stone Arrow              Conj/Erth      0%         3d7       91%         3
 Animate Armour           Summ/Erth      0%         N/A       100%        4
 Leda's Liquefaction      Hex/Erth       0%         N/A       100%        4
 Olgreb's Toxic Radiance  Pois           0%         N/A       100%        4
 Lehudib's Crystal Spear  Conj/Erth      0%         10d2      100%        8


Dungeon Overview and Level Annotations

Branches:
Dungeon (6/15)
 Temple: D:4-7

Altars:
Hepliaklqana
Nemelex Xobeh
Okawaru
Qazlal
Sif Muna
Vehumet

Shops:
D:3 !   D:4 =


Innate Abilities, Weirdness & Mutations

You have a beak for a mouth.
You have claws for feet.
Your magical nature lets you fly swiftly and evasively.
You are weak. (Str -2)
Your spells are a little harder to cast, but a little more powerful.
You have hidden genetic potential.


Message History

Things that are here:
a +0 spear; 19 gold pieces; a gnoll corpse
Items here: $ )) †††.
It was a potion of flight.
You feel more buoyant.
It was a potion of mutation.
You feel extremely strange.
You feel weaker.
You feel a hidden potential growing inside you.
You feel less in control of your magic.
Okay, then.
Unknown command.
As you read the scroll labelled ROHABR CUNILE, it crumbles to dust.
It is a scroll of identify.
j - 2 potions of berserk rage
Okay, then.
Unknown command.
A red film seems to cover your vision as you go berserk!
You feel yourself moving faster!
You feel mighty!
The orc priest casts a cantrip, but nothing happens.
A phantom comes into view.
You feel a strong urge to attack something.
Items here: $ )) †††.
You slash the orc priest! Your kick misses the orc priest.
You peck the orc priest.
You kill the orc priest!
You slash the orc!
You kill the orc!
The orc closely misses you.
There is an open door, spattered with blood here.
Items here: $ ))) [ ††.
You slash the orc!
You kill the orc!
Items here: ( ) [ †.
You feel a strong urge to attack something.
A bullfrog comes into view.
The bullfrog gives a loud, deep croak!
You slash the phantom!
The phantom is heavily damaged.
The phantom hits you!
You die...

#..# ###..#
######....#
#<.....##[#
#########.#######
........$).......
#########)##.....
#.....).# ....
#.....@.# ...
#.....W.# ..
#.../...# .
#.......#
#........
#.........
#.......#.#
#.......#.F
#.......####


You could see a phantom and a bullfrog.

Vanquished Creatures
  Pikel (D:5)
  Grinder (D:4)
  2 black bears
  A water moccasin (D:6)
  2 ogres (D:5)
  A gnoll sergeant (D:6)
  2 scorpions
  3 jellies
  An orc priest (D:6)
  A gnoll bouda (D:5)
  3 orc wizards
  3 iguanas
  2 adders (D:5)
  14 gnolls
  An ufetubus (D:5)
  A worm (D:2)
  A dart slug (D:1)
  7 orcs
  11 endoplasms
  2 giant cockroaches
  5 goblins
  7 hobgoblins
  3 jackals (D:2)
  6 kobolds
  3 quokkas
  2 ball pythons (D:2)
  8 bats
  4 frilled lizards
  8 rats
106 creatures vanquished.

Notes
Turn   | Place    | Note
-------+----------+-------------------------------------------
     0 | D:1      | bwicke the Tengu Gladiator began the quest for the Orb.
     0 | D:1      | Reached XP level 1. HP: 12/12 MP: 2/2
   154 | D:1      | Reached skill level 4 in Long Blades
   154 | D:1      | Reached XP level 2. HP: 8/17 MP: 3/3
   617 | D:1      | Reached XP level 3. HP: 21/21 MP: 4/4
  1857 | D:2      | Reached skill level 5 in Long Blades
  2094 | D:2      | Found a faded altar of an unknown god.
  2319 | D:3      | Reached XP level 4. HP: 26/26 MP: 5/5
  2808 | D:3      | Found Eskeli's Distillery.
  3004 | D:4      | Found Ycwi's Jewellery Shoppe.
  3015 | D:4      | Reached skill level 6 in Long Blades
  3027 | D:4      | Identified the +10 mace "Bolueq" {freeze, rElec Stlth+}
  3068 | D:4      | Gained mutation: Your magical nature lets you fly swiftly
                  | and evasively. [Tengu growth]
  3068 | D:4      | Reached XP level 5. HP: 18/30 MP: 6/6
  3326 | D:4      | Identified the +9 scimitar of Punishment {speed, rCorr}
  3525 | D:4      | Found a sparkling altar of Nemelex Xobeh.
  3529 | D:4      | Noticed Grinder
  3538 | D:4      | Noticed a black bear
  3557 | D:4      | Killed Grinder
  3558 | D:4      | Reached skill level 8 in Long Blades
  3558 | D:4      | Reached XP level 6. HP: 27/35 MP: 7/7
  3559 | D:4      | Killed a black bear
  3560 | D:4      | Reached XP level 7. HP: 24/40 MP: 8/8
  3792 | D:5      | Entered Level 5 of the Dungeon
  3942 | D:5      | Reached skill level 9 in Long Blades
  3964 | D:5      | Noticed Pikel
  3973 | D:5      | Killed Pikel
  3974 | D:5      | Reached skill level 10 in Long Blades
  3974 | D:5      | Reached XP level 8. HP: 43/44 MP: 9/9
  4016 | D:5      | Reached skill level 11 in Long Blades
  4078 | D:5      | Identified the +5 tower shield of Getoti {rElec rF+ Dex+3}
  4122 | D:5      | Found a radiant altar of Vehumet.
  4283 | D:5      | Found a hazy altar of Hepliaklqana.
  4297 | D:5      | Found a stormy altar of Qazlal.
  4306 | D:5      | Found an iron altar of Okawaru.
  4310 | D:5      | Found a shimmering blue altar of Sif Muna.
  4520 | D:5      | Reached skill level 12 in Long Blades
  4802 | D:6      | Reached XP level 9. HP: 27/48 MP: 10/10
  4823 | D:6      | Gained mutation: You are weak. (Str -2) [potion of
                  | mutation]
  4823 | D:6      | Gained mutation: You have hidden genetic potential. [potion
                  | of mutation]
  4823 | D:6      | Gained mutation: Your spells are a little harder to cast,
                  | but a little more powerful. [potion of mutation]
  4833 | D:6      | Slain by a phantom

Illustrated notes

Levels and vault maps discovered:
D:1:      elethiomel_arrival_infinity_welcomes_careful_drivers, layout_basic
D:2:      layout_basic, shapermc_ecumenical_altar_starsandcircs,
          roderic_lattice_a, kennysheep_potato
D:3:      layout_loops_ring, serial_shops, nicolae_shop_behind_doors,
          corexii_leaking_fountain
D:4:      layout_rooms, amcnicky_altar_gilded, serial_shops,
          nicolae_stop_n_shop_2, uniq_grinder
D:5:      layout_basic, kennysheep_mini, grunt_temple_overflow_cloverleaf,
          uniq_pikel
D:6:      layout_basic, lemuel_doored_altar, uniq_duvessa, uniq_prince_ribbit1

Skill      XL: |  1  2  3  4  5  6  7  8 |
---------------+-------------------------+-----
Long Blades    | 4 5 6 8 10 12 | 12.8
Fighting       | |  2.0
Throwing       | |  2.0
Dodging        | |  3.2

Action                   |  1- 3 |  4- 6 |  7- 9 || total
-------------------------+-------+-------+-------++-------
Melee: Long sword        |    87 |    27 |       ||   114
       Kick              |    19 |    14 |    13 ||    46
       Peck              |    12 |     5 |    12 ||    29
       Punch             |     2 |       |       ||     2
       Mace              |       |     7 |       ||     7
       Scimitar          |       |    12 |    67 ||    79
Throw: Throwing net      |       |     1 |       ||     1
  Use: Potion            |       |       |     3 ||     3
       Scroll            |       |       |     1 ||     1
 Stab: Sleeping          |     2 |     3 |     2 ||     7
Armor: Leather armour    |    19 |     5 |     3 ||    27
Dodge: Dodged            |    68 |    25 |    23 ||   116
Block: Buckler           |       |     3 |    18 ||    21
       Reflection        |       |       |     1 ||     1
